 Dungeon Crawl Stone Soup version 0.17-a0-119-g2b06fc5 (webtiles) character file.

73 xeno23 the Chiller (level 4, -3/33 HPs)
             Began as a Merfolk Ice Elementalist on Mar 20, 2015.
             Killed from afar by Psychosis' ghost (6 damage)
             ... with a spray of energy
             ... on level 3 of the Dungeon.
             The game lasted 00:08:58 (1620 turns).

xeno23 the Chiller (Merfolk Ice Elementalist)       Turns: 1620, Time: 00:08:58

Health: -3/33      AC:  3    Str:  8    XL:     4   Next: 27%
Magic:  8/8        EV: 13    Int: 15    God:
Gold:   108        SH:  0    Dex: 14    Spells: 3 memorised, 1 level left

rFire  . . .     SeeInvis .     n - +0 spear
rCold  . . .     Clarity  .     a - +0 robe
rNeg   . . .     SustAb   .     (no shield)
rPois  .         Gourm    .     (no helmet)
rElec  .         Spirit   .     (no cloak)
rCorr  .         Warding  .     (no gloves)
rMut   .         Stasis   .     i - +0 pair of boots
MR     .....                    (no amulet)
Stlth  ++........               (no ring)
                                (no ring)

@: lethally poisoned (-3 -> -24), not resistant to hostile enchantments,
unstealthy
A: change form in water, swift swim
a: no special abilities


You were on level 3 of the Dungeon.
You were not hungry.

You visited 1 branch of the dungeon, and saw 3 of its levels.

You collected 108 gold pieces.

Inventory:

Hand weapons
 e - a +0 club
 j - a +0 dagger
 n - a +0 spear (weapon)
Missiles
 d - 27 stones (quivered)
Armour
 a - a +0 robe (worn)
 i - a +0 pair of boots (worn)
Magical devices
 p - a wand of fireball (6)
 u - a wand of magic darts (30)
Scrolls
 f - a scroll of blinking {unknown}
 g - a scroll of identify
 h - 2 scrolls of random uselessness
 k - 2 scrolls of teleportation
 m - a scroll of noise
 t - a scroll of fog {unknown}
 w - a scroll of remove curse {unknown}
Potions
 o - a potion of curing {unknown}
 q - a potion of flight {unknown}
 r - a potion of invisibility {unknown}
 s - 2 potions of poison {unknown}
Books
 b - a book of Frost

   Spells                             Type                      Level
   a - Freeze                         Ice                          1
   b - Throw Frost                    Conjuration/Ice              2
   c - Ozocubu's Armour               Charms/Ice                   3
   d - Throw Icicle                   Conjuration/Ice              4
   e - Summon Ice Beast               Ice/Summoning                4
   f - Condensation Shield            Ice                          4
 x - a book of Maledictions

   Spells                             Type                      Level
   a - Corona                         Hexes                        1
   b - Sure Blade                     Hexes/Charms                 2
   c - Ensorcelled Hibernation        Hexes/Ice                    2
   d - Confuse                        Hexes                        3
   e - Dazzling Spray                 Conjuration/Hexes            3
   f - Enslavement                    Hexes                        4
Comestibles
 c - a bread ration
 l - 2 meat rations
 v - a chunk of flesh


   Skills:
 * Level 1.9 Fighting
 + Level 1.1 Polearms
 + Level 3.0 Dodging
 + Level 2.6 Stealth
 * Level 2.5 Spellcasting
 - Level 0.7 Conjurations
 * Level 0.2 Summonings
 * Level 3.9 Ice Magic


You had one spell level left.
You knew the following spells:

 Your Spells              Type           Power        Failure   Level  Hunger
a - Freeze                Ice            ##..         4%          1    #......
b - Summon Ice Beast      Ice/Summ       #.......     87%         4    #####..
q - Throw Frost           Conj/Ice       #.....       14%         2    ###....


Dungeon Overview and Level Annotations

Branches:
Dungeon (3/15)

Altars:
Makhleb

Annotations:
D:3 Psychosis' ghost, experienced SpEn


Message History

You are lethally poisoned!
You swap places.
You feel sick. Psychosis' ghost hits you.
* * * LOW HITPOINT WARNING * * *
You are more poisoned.
An orc comes into view. It is wielding a club.
You swap places.
* * * LOW HITPOINT WARNING * * *
You feel sick. Psychosis' ghost misses your butterfly.
* * * LOW HITPOINT WARNING * * *
You feel sick.
Read which item? (? for menu, Esc to quit)
As you read the scroll labeled WEZIMU LELU, it crumbles to dust.
It is a scroll of identify.
Identify which item? (\ to view known items) (? for menu, Esc to quit)
k - 2 scrolls of teleportation
* * * LOW HITPOINT WARNING * * *
You feel sick.
Psychosis' ghost gestures at you while chanting.
The spray of energy hits you!
You die...

........# ##.######
.o..#..# #..#.....
#b#.#.####.....#
#.#b...........###
####b#...###.........
#...bb.))# #.#....###
#...##.Wb#.....##.###
# # #.######...#..##
# #@# #.#.##..# #
#..# ..#.###.###
#...# #.##.>......
#...# .. #........
##.## #........ #.
#........ #. #<..)...
#. #.)..... #
#.......


You could see Psychosis' ghost and an orc.

Vanquished Creatures
  2 adders
  A worm (D:2)
  An ooze (D:2)
  2 orcs (D:3)
  2 bats
  3 giant cockroaches (D:1)
  10 goblins
  4 hobgoblins
  2 jackals (D:3)
  6 kobolds
  2 quokkas
  2 giant newts (D:1)
  5 rats
42 creatures vanquished.

Notes
Turn   | Place    | Note
--------------------------------------------------------------
     0 | D:1      | xeno23, the Merfolk Ice Elementalist, began the quest for the Orb.
     0 | D:1      | Reached XP level 1. HP: 13/13 MP: 3/3
   263 | D:1      | Reached XP level 2. HP: 17/19 MP: 4/4
   341 | D:1      | Learned a level 2 spell: Throw Frost
   718 | D:2      | Reached XP level 3. HP: 25/25 MP: 6/6
   776 | D:2      | Reached skill level 1 in Fighting
   818 | D:2      | Found a burning altar of Makhleb.
   965 | D:2      | Reached skill level 1 in Polearms
  1189 | D:3      | Reached XP level 4. HP: 17/33 MP: 8/8
  1208 | D:3      | Learned a level 4 spell: Summon Ice Beast
  1611 | D:3      | Noticed Psychosis' ghost (experienced SpEn)
  1620 | D:3      | Killed from afar by Psychosis' ghost

Action                   |  1- 3 |  4- 6 || total
-------------------------+-------+-------++-------
Melee: Dagger            |    12 |       ||    12
       Club              |     6 |       ||     6
       Spear             |    75 |    22 ||    97
 Cast: Freeze            |     2 |     3 ||     5
       Throw Frost       |       |     2 ||     2
  Use: Scroll            |       |     3 ||     3
 Stab: Sleeping          |     4 |     1 ||     5
  Eat: Chunk             |     1 |     2 ||     3
